 Dungeon Crawl Stone Soup version 0.27-a0-1202-ge72e49191c (webtiles) character file.

Game seed: 18205190257670421379

371 lunkers the Digger (level 7, -3/46 HPs)
             Began as a Formicid Earth Elementalist on June 3, 2021.
             Slain by a hornet (7 damage)
             ... on level 5 of the Dungeon.
             The game lasted 00:03:58 (4512 turns).

lunkers the Digger (Formicid Earth Elementalist)    Turns: 4512, Time: 00:03:58

Health: -3/46      AC:  5    Str: 12    XL:     7   Next: 2%
Magic:  0/13       EV: 12    Int: 17    God:
Gold:   131        SH:  5    Dex: 11    Spells: 3/14 levels left

rFire    . . .     SeeInvis +   z - +4 quarterstaff (chaos)
rCold    . . .     Faith    .   (no shield)
rNeg     + . .     Spirit   .   u - +1 robe {Archmagi}
rPois    +         Reflect  +   (helmet unavailable)
rElec    .         Harm     .   A - +1 cloak {rPois}
rCorr    +         Rampage  .   (no gloves)
Will     .....                  (no boots)
Stlth    ++........             i - amulet of reflection
HPRegen  0.15/turn              p - ring of positive energy
MPRegen  0.13/turn              g - ring of resist corrosion

@: no status effects
A: permanent stasis, dig shafts and tunnels, antennae 3, four strong arms
a: Dig, Shaft Self


You were on level 5 of the Dungeon.
You visited 1 branch of the dungeon, and saw 5 of its levels.

You collected 205 gold pieces.
You spent 74 gold pieces at shops.

Inventory:

Hand Weapons
 o - a +2 dagger of venom
 z - a +4 quarterstaff of chaos (weapon)
Missiles
 b - 127 stones
 x - 2 throwing nets
Armour
 c - a +0 tower shield
 u - a +1 robe of the Archmagi (worn)
 A - a +1 cloak of poison resistance (worn)
Jewellery
 g - a ring of resist corrosion (right hand)
 h - an amulet of magic regeneration
 i - an amulet of reflection (around neck)
 p - a ring of positive energy (left hand)
 s - an amulet of faith
Wands
 t - a wand of flame (4)
 y - a wand of digging (6)
Scrolls
 a - 3 scrolls of identify {unknown}
 e - a scroll of noise {unknown}
 f - a scroll of fog {unknown}
 j - a scroll of fear {unknown}
 l - 4 scrolls of magic mapping {unknown}
 q - a scroll of enchant armour {unknown}
 r - 2 scrolls of teleportation {unknown}
 v - a scroll of brand weapon {unknown}
Potions
 d - 2 potions of heal wounds {unknown}
 k - 3 potions of curing {unknown}
 m - 2 potions of might {unknown}
 n - a potion of lignification {unknown}
 w - a potion of degeneration {unknown}


   Skills:
 - Level 1.7 Dodging
 - Level 2.4 Stealth
 + Level 4.3 Spellcasting
 - Level 1.1 Transmutations
 * Level 7.5 Earth Magic


You had 3 spell levels left.
You knew the following spells:

 Your Spells              Type           Power      Damage    Failure   Level
a - Stone Arrow           Conj/Erth      48%        3d10      10%         3
b - Passwall              Tmut/Erth      22%        N/A       4%          2
c - Sandblast             Erth           86%        2d18      1%          1
d - Lee's Rapid Deconstr  Erth           21%        3d13*     19%         5

Your spell library contained the following spells:

 Spells                   Type           Power      Damage    Failure   Level
 Foxfire                  Conj/Fire      20%        2x1d5     16%         1
 Confusing Touch          Hex            5%         N/A       41%         3
 Conjure Flame            Conj/Fire      5%         6-21      41%         3
 Gell's Gravitas          Tloc           2%         N/A       41%         3
 Inner Flame              Hex/Fire       5%         N/A       41%         3
 Petrify                  Tmut/Erth      27%        N/A       26%         4
 Sticky Flame             Conj/Fire      5%         2d3       83%         4
 Yara's Violent Unravell  Hex/Tmut       4%         3d4       98%         5
 Fireball                 Conj/Fire      2%         3d4       99%         5
 Metabolic Englaciation   Hex/Ice        2%         N/A       99%         5


Dungeon Overview and Level Annotations

Branches:
Dungeon (5/15)
 Temple: D:4-7

Altars:
Qazlal

Shops:
D:1 (   D:3 [[*


Innate Abilities, Weirdness & Mutations

You cannot be hasted, slowed, berserked, paralysed or teleported.
You can dig through walls and to a lower floor.
You have a pair of large antennae on your head. (SInv)
Your four strong arms can wield two-handed weapons with a shield.


Message History

Aim: a hornet (52% to hit)
The puff of flame hits the hornet.
The hornet is lightly wounded.
You block the hornet's attack.
Aiming: Throw Flame
Press: ? - help, Shift-Dir - straight line, f/p - hornet
Aim: a hornet (lightly wounded, 52% to hit)
The puff of flame misses the hornet.
The hornet stings you but does no damage.
The hornet stings you!
* * * LOW HITPOINT WARNING * * *
Aiming: Throw Flame
Press: ? - help, Shift-Dir - straight line, f/p - hornet
Aim: a hornet (lightly wounded, 52% to hit)
The puff of flame hits the hornet.
The hornet is moderately wounded.
The hornet stings you!
* * * LOW HITPOINT WARNING * * *
Aiming: Throw Flame
Press: ? - help, Shift-Dir - straight line, f/p - hornet
Aim: a hornet (moderately wounded, 52% to hit)
The puff of flame misses the hornet.
You block the hornet's attack. The hornet closely misses you.
Casting: Sandblast (safe; 1% risk of failure)
Confirm with . or Enter, or press ? or * to list all spells.
Aiming: Sandblast (safe; 1% risk of failure)
Press: ? - help, Shift-Dir - straight line, f/p - hornet
Aim: a hornet (moderately wounded, 74% to hit)
You feel a surge of power!
The blast of sand misses the hornet.
* * * LOW MAGIC WARNING * * *
The hornet stings you!
* * * LOW HITPOINT WARNING * * *
Unknown command.
Okay, then.
Are you sure you want to shaft yourself?
The hornet stings you but does no damage.
You block the hornet's attack.
You begin to dig a shaft.
You continue digging a shaft.
The hornet stings you!
You die...

#.. #......##. #.#
#......#.. #.#
#......... #.#
#......... #<#
#......... #.#
#.<....#.#
##.#####........#
#..##......#####
#.....##@.##
#....#####.)y####
#....# ###.#.>.... #
#..(## #.....#..##
.#### ####
#...#[##..####......
#...........<...#
.......#....##......
.#.................!.
.#####.######..#...###


You could see a hornet.

Vanquished Creatures
  Edmund (D:5)
  An ogre (D:4)
  Crazy Yiuf (D:4)
  An iguana (D:4)
  3 gnolls (D:4)
  4 adders
  An adder skeleton (D:4)
  2 dart slugs
  A ball python (D:2)
  4 bats
  3 endoplasms
  3 giant cockroaches
  4 goblins
  6 hobgoblins
  5 jackals (D:1)
  3 quokkas
  4 frilled lizards
  2 kobolds
  3 rats
52 creatures vanquished.

Vanquished Creatures (others)
  2 fungi (D:4)
2 creatures vanquished.

Grand Total: 54 creatures vanquished

Notes
Turn   | Place    | Note
-------+----------+-------------------------------------------
     0 | D:1      | lunkers the Formicid Earth Elementalist began the quest for
                  | the Orb.
     0 | D:1      | Reached XP level 1. HP: 13/13 MP: 3/3
   138 | D:1      | Found a faded altar of an unknown god.
   394 | D:1      | Reached skill level 4 in Earth Magic
   394 | D:1      | Reached XP level 2. HP: 19/19 MP: 3/5
   686 | D:1      | Found Potwuede's Antique Weapon Shop.
   985 | D:1      | Reached XP level 3. HP: 24/24 MP: 4/6
  1197 | D:1      | You fall into a shaft and drop 1 floor!
  1951 | D:2      | Found a stormy altar of Qazlal.
  2092 | D:2      | Reached skill level 5 in Earth Magic
  2347 | D:3      | Found Ecas's Armour Emporium.
  2382 | D:3      | Reached XP level 4. HP: 30/30 MP: 6/8
  2635 | D:3      | Learned a level 2 spell: Passwall
  2639 | D:3      | Learned a level 3 spell: Stone Arrow
  2707 | D:3      | Found Ofemecw's Antique Armour Shoppe.
  2717 | D:3      | Bought an embroidered robe for 74 gold pieces
  3207 | D:3      | Found Gimn's General Store.
  3582 | D:4      | Reached XP level 5. HP: 35/35 MP: 5/9
  3628 | D:4      | Reached skill level 6 in Earth Magic
  4052 | D:4      | Found a runed translucent door.
  4053 | D:4      | Noticed Crazy Yiuf
  4058 | D:4      | Killed Crazy Yiuf
  4202 | D:5      | Entered Level 5 of the Dungeon
  4202 | D:5      | Noticed an ogre
  4207 | D:5      | Noticed Edmund
  4208 | D:5      | Noticed a hornet
  4217 | D:4      | Killed an ogre
  4218 | D:4      | Reached XP level 6. HP: 7/41 MP: 8/12
  4224 | D:4      | Learned a level 5 spell: Lee's Rapid Deconstruction
  4503 | D:5      | Killed Edmund
  4504 | D:5      | Reached skill level 7 in Earth Magic
  4504 | D:5      | Reached XP level 7. HP: 36/46 MP: 1/13
  4512 | D:5      | Slain by a hornet

Illustrated notes

Levels and vault maps discovered:
D:1:      nicolae_arrival_memento_mori, layout_loops_corners, serial_shops,
          shop, hellmonk_ecumenical_altar_dog_temple
D:2:      layout_loops_ring, basic_altar, serial_park_tiny_2
D:3:      layout_basic, serial_shops,
          nicolae_shop_temple_entry_statues_fountains, shop, shop
D:4:      layout_rooms, uniq_crazy_yiuf_cottage
D:5:      layout_rooms, minmay_temple_entry_butterflies, uniq_sigmund,
          uniq_edmund

Skill      XL: |  1  2  3  4  5  6 |
---------------+-------------------+-----
Earth Magic    | 4 5 6 7 |  7.5
Spellcasting   | 3 4 |  4.3
Dodging        | |  1.7
Stealth        | |  2.4
Transmutations | |  1.1

Action                   |  1- 3 |  4- 6 |  7- 9 || total
-------------------------+-------+-------+-------++-------
Melee: Unarmed           |    24 |       |       ||    24
       Dagger            |       |     9 |       ||     9
 Cast: Sandblast         |    44 |    32 |     2 ||    78
       Stone Arrow       |       |     4 |       ||     4
 Abil: Shaft Self        |       |       |     1 ||     1
Evoke: Wand              |       |     6 |     5 ||    11
Armor: Robe              |    10 |     2 |     2 ||    14
Dodge: Dodged            |    33 |     3 |     2 ||    38
Block: Other             |       |     4 |     4 ||     8

Table legend: (Time is in decaauts)
 A = Elapsed time spent in this place.
 B = Non-inter-level travel time spent in this place.
 C = Inter-level travel time spent in this place.
 D = Time resting spent in this place.
 E = Time spent auto-exploring this place.
 F = Levels seen in this place.
 G = Mean time per level.
                   A        B        C        D        E       F      G
               +--------+--------+--------+--------+--------+-----+--------+
         Total |   4511 |   4228 |    283 |    261 |   3580 |   5 |  902.2 |
       Dungeon |   4511 |   4228 |    283 |    261 |   3580 |   5 |  902.2 |
               +--------+--------+--------+--------+--------+-----+--------+

Top non-repeatable levels by time:
     D:1: 1516 daAuts
     D:3: 1157 daAuts
     D:4: 996 daAuts
     D:2: 789 daAuts
     D:5: 50 daAuts
